 Dungeon Crawl Stone Soup version 0.31-a0-152-g6aa68a64a1 (webtiles) character file.

Game seed: 3879391807686815835

663 qw the Skirmisher (level 7, -3/62 HPs)
             Began as a Minotaur Hunter on June 9, 2023.
             Was an Initiate of Okawaru.
             Slain by an orc warrior
             ... wielding a +0 hand axe
              (6 damage)
             ... on level 5 of the Dungeon.
             The game lasted 00:01:24 (3591 turns).

qw the Skirmisher (Minotaur Hunter)                 Turns: 3591, Time: 00:01:25

Health: -3/62      AC:  5    Str: 22    XL:     7   Next: 31%
Magic:  6/6        EV: 12    Int:  6    God:    Okawaru [......]
Gold:   246        SH:  0    Dex: 15    Spells: 6/6 levels left

rFire   . . .        Y - +0 shortbow
rCold   + . .        (shield currently unavailable)
rNeg    . . .        d - +0 ring mail
rPois   .            (helmet restricted)
rElec   .            (no cloak)
rCorr   .            (no gloves)
SInv    .            (no boots)
Will    .....        (no amulet) Stlth
                     h - ring of protection from cold
HPRegen 0.30/turn    j - +6 ring of strength
MPRegen 0.10/turn

%: no passive effects
@: confused
A: horns 2, retaliatory headbutt
a: Renounce Religion


You were on level 5 of the Dungeon.
You worshipped Okawaru.
Okawaru was noncommittal.
You visited 2 branches of the dungeon, and saw 6 of its levels.

You collected 246 gold pieces.


Innate Abilities, Weirdness & Mutations

You have a pair of horns on your head.
You reflexively headbutt those who attack you in melee.


   Skills:
 - Level 5.9 Fighting
 - Level 8.1 Ranged Weapons
 - Level 1.1 Armour
 + Level 2.9 Dodging
 - Level 0.7 Stealth


You had 6 spell levels left.
You didn't know any spells.
Your spell library was empty.

Inventory:

Hand Weapons
 Y - a +0 shortbow (weapon)
Armour
 d - a +0 ring mail (worn)
Jewellery
 h - a ring of protection from cold (left hand)
 j - a +6 ring of strength (right hand)
Scrolls
 a - 2 scrolls of identify
 e - a scroll of teleportation
Potions
 b - a potion of might
 c - a potion of heal wounds {unknown}

Dungeon Overview and Level Annotations

Branches:
Dungeon (5/15)             Temple (1/1) D:5

Altars:
Ashenzari
Cheibriados
Dithmenos
Elyvilon
Fedhas
Gozag
Hepliaklqana
Kikubaaqudgha
Makhleb
Okawaru
Qazlal
Ru
Trog
Uskayaw
Wu Jian
Xom
The Shining One

Shops:
D:3 :


Message History

You shoot an arrow. The arrow barely misses the orc.
The orc warrior hits you with a +0 hand axe.
The orc hits you with a +0 mace. The orc wizard closely misses you.
You shoot an arrow. The arrow hits the orc!
You kill the orc!
Okawaru accepts your kill. The orc warrior barely misses you.
You furiously retaliate!
You headbutt the orc warrior!
An orc comes into view. It is wielding a +0 hand axe.
The orc wizard barely misses you.
You shoot an arrow.
The arrow barely misses the orc warrior.
The ogre closely misses you.
The orc warrior hits you with a +0 hand axe.
The orc wizard hits you with a +0 dagger.
You shoot an arrow.
The arrow hits the orc warrior but does no damage.
The orc warrior is heavily wounded.
The orc warrior hits you with a +0 hand axe!
The orc wizard hits you but does no damage.
The ogre hits you with a +0 giant club!
You shoot an arrow.
The arrow hits the orc warrior but does no damage.
The orc warrior is heavily wounded.
The orc wizard hits you with a +0 dagger.
The orc priest mumbles some strange prayers to Beogh against you.
Pain shoots through your body!
You shoot an arrow. The arrow hits the orc warrior.
The orc warrior is severely wounded.
The orc warrior hits you with a +0 hand axe.
The ogre closely misses you. The orc wizard casts a spell at you.
You are confused.
The orc warrior hits you with a +0 hand axe.
The orc wizard hits you with a +0 dagger.
The ogre barely misses you. The orc wizard misses you.
The orc warrior hits you with a +0 hand axe!
The ogre misses you.
The orc warrior hits you with a +0 hand axe.
You die...

...... . #.... .. #.... #.
#...# #. ##### #...#
#.##...#####.).#
#...........ooO#
#.P.P.#.....o@o#
####..>......###..#
.....P.P..........#
####..........##..#########
#.#..#.....##..........#
#.#............#######.#
#.##.#..##.##### #.#
#.##.#..##.#### #.#
#.............# #.#


You could see an orc warrior, an ogre, an orc priest, an orc wizard and an orc.

Vanquished Creatures
  Sigmund (D:2)
  A phantom (D:4)
  2 scorpions
  A howler monkey (D:5)
  2 hounds (D:4)
  An orc priest (D:3)
  An iguana (D:4)
  4 adders
  An ufetubus (D:5)
  A worm (D:4)
  4 dart slugs
  7 orcs
  6 ball pythons
  4 bats
  14 endoplasms
  3 giant cockroaches
  13 goblins
  9 hobgoblins
  5 jackals
  5 quokkas
  8 frilled lizards
  9 kobolds
  3 rats
105 creatures vanquished.

Notes
Turn   | Place    | Note
-------+----------+-------------------------------------------
     0 | D:1      | qw the Minotaur Hunter began the quest for the Orb.
     0 | D:1      | Reached XP level 1. HP: 18/18 MP: 0/0
     0 | D:1      | 0 ||| qw: Version: 0.2-a-121-gba3a3e5
     0 | D:1      | 0 ||| qw: Game counter: 3192
     0 | D:1      | 0 ||| qw: Always use a shield: true
     0 | D:1      | 0 ||| qw: God list: Okawaru
     0 | D:1      | 0 ||| qw: Allow faded altars: false
     0 | D:1      | 0 ||| qw: Do Orc after D:15 true
     0 | D:1      | 0 ||| qw: Do second Lair branch before Depths: true
     0 | D:1      | 0 ||| qw: Lair rune preference: random
     0 | D:1      | 0 ||| qw: Plans: Normal
     0 | D:1      | 0 ||| PLANNING D:1-11
   257 | D:1      | Reached XP level 2. HP: 25/25 MP: 1/1
   265 | D:1      | Reached skill level 5 in Ranged Weapons
   352 | D:1      | Reached skill level 3 in Fighting
   421 | D:1      | Reached XP level 3. HP: 31/31 MP: 2/2
   726 | D:1      | 726 ||| READING 2 scrolls labelled PUPUCR HOCOI.
   727 | D:1      | 727 ||| READING 2 scrolls labelled XYNOHOOKEL.
   730 | D:1      | 730 ||| READING scroll labelled XUUTAL KAILUA.
   731 | D:1      | 731 ||| DROPPING scroll of butterflies.
  1002 | D:2      | Reached skill level 6 in Ranged Weapons
  1002 | D:2      | Reached XP level 4. HP: 37/38 MP: 3/3
  1425 | D:2      | 1425 ||| UPGRADING to +0 ring mail.
  1435 | D:2      | 1435 ||| DROPPING +0 leather armour.
  1436 | D:2      | 1436 ||| UPGRADING to ring of protection from cold.
  1437 | D:2      | 1437 ||| READING 2 scrolls of identify.
  1437 | D:2      | 1437 ||| IDENTIFYING emerald potion
  1582 | D:3      | Found an ornate altar of the Wu Jian Council.
  1591 | D:3      | Reached skill level 1 in Armour
  1711 | D:3      | Noticed Sigmund
  1718 | D:3      | 1718 ||| STAIRDANCE
  1755 | D:2      | 1755 ||| DRINKING 2 sedimented yellow potions.
  1756 | D:2      | 1756 ||| DROPPING potion of degeneration.
  1760 | D:3      | 1760 ||| STAIRDANCE
  1777 | D:2      | Killed Sigmund
  1778 | D:2      | Reached XP level 5. HP: 15/50 MP: 4/4
  1908 | D:3      | Reached XP level 6. HP: 51/57 MP: 5/5
  1908 | D:3      | 1908 ||| STAIRDANCE
  2199 | D:3      | Found Tedizock's Book Boutique.
  2344 | D:3      | 2344 ||| READING scroll labelled OMOILAMEIPH.
  2345 | D:3      | 2345 ||| READING scroll labelled QYCYPR MAEL.
  2524 | D:4      | Found an ancient bone altar of Kikubaaqudgha.
  2546 | D:4      | 2546 ||| FLEEEEING.
  2715 | D:4      | Reached skill level 7 in Ranged Weapons
  2923 | D:4      | Found a bloodstained altar of Trog.
  3044 | D:4      | Reached XP level 7. HP: 55/62 MP: 6/6
  3157 | D:4      | 3157 ||| UPGRADING to +6 ring of strength.
  3158 | D:4      | 3158 ||| READING scroll labelled ESHRIL XIAB.
  3159 | D:4      | 3159 ||| READING 5 scrolls of identify.
  3159 | D:4      | 3159 ||| IDENTIFYING puce potion
  3160 | D:4      | 3160 ||| READING 4 scrolls of identify.
  3160 | D:4      | 3160 ||| IDENTIFYING yellow potion
  3161 | D:4      | 3161 ||| READING 3 scrolls of identify.
  3161 | D:4      | 3161 ||| IDENTIFYING metallic golden potion
  3162 | D:4      | 3162 ||| DROPPING potion of lignification.
  3163 | D:4      | 3163 ||| DROPPING potion of brilliance.
  3164 | D:4      | 3164 ||| DROPPING potion of attraction.
  3187 | D:5      | Entered Level 5 of the Dungeon
  3238 | D:5      | Reached skill level 8 in Ranged Weapons
  3266 | D:5      | Found a staircase to the Ecumenical Temple.
  3267 | D:5      | 3267 ||| PLANNING TEMPLE
  3276 | Temple   | Entered the Ecumenical Temple
  3332 | Temple   | 3332 ||| PLANNING OKAWARU WORSHIP
  3483 | Temple   | Became a worshipper of Warmaster Okawaru
  3483 | Temple   | 3483 ||| PLANNING D:1-11
  3589 | D:5      | HP: 15/62 [orc warrior/+0 hand axe (4)]
  3590 | D:5      | HP: 3/62 [orc warrior/+0 hand axe (7)]
  3591 | D:5      | Slain by an orc warrior

Levels and vault maps discovered:
D:1:      roderic_octagonal_star, layout_basic
D:2:      layout_loops_ring, kennysheep_generic_room_8
D:3:      layout_loops_ring, nicolae_wu_jian_immortal_techniques, serial_shops,
          shop_fountains, uniq_sigmund
D:4:      layout_rooms, trog_butcher_becter, amcnicky_altar_gilded
D:5:      layout_loops_cross, minmay_temple_entry_trees
Temple:   eino_temple_water

Skill      XL: |  1  2  3  4  5  6  7 |
---------------+----------------------+-----
Ranged Weapons | 5 6 7 8 |  8.1
Fighting       | 3 5 |  5.9
Armour         | 1 |  1.1
Dodging        | |  2.9
Stealth        | |  0.7

Action                     |  1- 3 |  4- 6 |  7- 9 || total
---------------------------+-------+-------+-------++-------
   Fire: Shortbow          |   109 |   155 |    48 ||   312
    Use: Scroll            |     3 |     3 |     4 ||    10
         Potion            |       |     1 |       ||     1
 Armour: Leather armour    |    10 |     1 |       ||    11
         Ring mail         |       |    21 |    12 ||    33
  Dodge: Dodged            |    21 |    38 |    34 ||    93

Table legend:
 A = Non-vault XP
 B = Vault XP
 C = Vault XP percentage of total XP
 D = Non-vault monster count
 E = Vault monster count
 F = Vault count percentage of total count
                 A         B        C        D         E       F
            +---------+---------+-------+---------+---------+-------
      Total |     726 |     222 |  23.4 |      99 |       6 |   5.7
            +---------+---------+-------+---------+---------+-------
        D:1 |      56 |       0 |   0.0 |      30 |       0 |   0.0
        D:2 |      77 |     216 |  73.7 |      28 |       2 |   6.7
        D:3 |      80 |       0 |   0.0 |      16 |       0 |   0.0
        D:4 |     348 |       6 |   1.7 |      18 |       4 |  18.2
        D:5 |     165 |       0 |   0.0 |       7 |       0 |   0.0
            +---------+---------+-------+---------+---------+-------
